AoeStats
← Ken

Fortress

507275565Analyzed
4v4 RM · 15d ago on Sep 17, 2026· 34m 58s· 8 players
Game mode
Random Map
Map size
Huge
Population
200
Speed
Normal
Resources
Standard
Victory
Conquest
Starting age
Dark Age
Ending age
Imperial Age
RankedLock teamsTeams togetherTeam positionsShared explorationLock speedFull tech treeHidden civsTurbo modeCheats
Victory
Defeat
🇹🇼 Khmer · Taiwan
996
+17
🇹🇼 Bengalis · Taiwan
918
+20
🇩🇪 Vietnamese · Germany
900
+21
🇹🇼 Portuguese · Taiwan
872
+23
🇨🇳 Franks · China
1052
-22
🇹🇼 Burgundians · Taiwan
1025
-21
🇨🇳 Koreans · China
995
-19
🇨🇳 Persians · China
990
-19
村中一匹狼
6:28 Feudal Age
6:56 Double-Bit Axe
6:55 Horse Collar
8:55 Wheelbarrow
13:19 Castle Age
11:11 Loom
15:13 Bow Saw
16:43 Fervor
20:53 Hand Cart
24:24 Heavy Plow
24:24 Gold Mining
24:27 Stone Mining
28:56 Imperial Age
27:10 Town Watch
28:04 Stone Shaft Mining
28:05 Gold Shaft Mining
27:39 Scale Barding Armor
27:44 Forging
27:35 Padded Archer Armor
27:25 Fletching
27:38 Caravan
29:16 Kamandaran
29:37 Conscription
29:54 Crop Rotation
29:26 Town Patrol
29:49 Chain Barding Armor
30:05 Iron Casting
30:35 Crossbowman
31:38 Husbandry
31:48 Bloodlines
30:59 Cavalier
31:48 Thumb Ring
32:56 Ballistics
32:32 Murder Holes
32:47 Masonry
33:38 Chemistry
32:56 Leather Archer Armor
32:36 Bodkin Arrow
33:17 Plate Barding Armor
33:43 Blast Furnace
33:29 Citadels
33:10 Savar
OAO
3:02 Double-Bit Axe
3:05 Horse Collar
7:51 Loom
10:05 Feudal Age
12:37 Bow Saw
14:35 Castle Age
14:42 Gold Mining
17:24 Wheelbarrow
17:35 Gold Shaft Mining
17:55 Burgundian Vineyards
19:11 Heavy Plow
19:07 Stone Mining
22:09 Murder Holes
25:05 Masonry
25:39 Fletching
26:35 Padded Archer Armor
27:13 Bodkin Arrow
28:40 Husbandry
28:24 Cavalier
30:01 Scale Barding Armor
31:33 Forging
33:02 Chain Barding Armor
37:40 Imperial Age
Ken
7:39 Feudal Age
12:42 Castle Age
10:32 Double-Bit Axe
10:35 Loom
14:11 Bow Saw
18:24 Wheelbarrow
22:13 Scale Barding Armor
22:27 Husbandry
24:17 Gold Mining
25:26 Hand Cart
25:54 Gold Shaft Mining
29:57 Imperial Age
28:06 Forging
31:24 Chain Barding Armor
31:40 Iron Casting
31:33 Pikeman
31:36 Cavalier
32:53 Plate Barding Armor
36:11 Chemistry
35:07 Murder Holes
坦诚哥
8:35 Feudal Age
14:20 Castle Age
12:12 Double-Bit Axe
12:33 Horse Collar
13:38 Gold Mining
13:48 Fletching
14:39 Wheelbarrow
13:53 Loom
13:56 Town Watch
16:05 Bow Saw
17:49 Heavy Plow
19:07 Gold Shaft Mining
19:50 Hand Cart
19:36 Fletching
20:12 Stone Mining
23:44 Fortified Wall
25:24 Fletching
25:49 Masonry
26:04 Bodkin Arrow
29:27 Imperial Age
28:16 Murder Holes
29:17 Ballistics
29:21 Eupseong
30:33 Conscription
31:40 Chemistry
32:15 Guilds
33:07 Bracer
33:35 Siege Engineers
34:00 Architecture
33:18 Arrowslits
33:34 Pikeman
34:14 Squires
34:00 Gambesons
123木頭人
8:01 Feudal Age
10:45 Castle Age
8:54 Double-Bit Axe
11:56 Bow Saw
20:17 Wheelbarrow
19:34 Horse Collar
20:04 Loom
21:40 Hand Cart
21:10 Town Watch
21:24 Gold Mining
21:26 Stone Mining
23:15 Gold Shaft Mining
23:16 Stone Shaft Mining
26:48 Imperial Age
24:18 Town Patrol
24:50 Heavy Plow
27:32 Forging
27:28 Scale Barding Armor
28:00 Bloodlines
29:48 Chain Barding Armor
30:05 Iron Casting
29:37 Siege Engineers
29:28 Murder Holes
29:54 Ballistics
30:05 Conscription
31:10 Tusk Swords
31:51 Plate Barding Armor
32:29 Blast Furnace
31:27 Elite Battle Elephant
34:40 Husbandry
FBM
7:48 Feudal Age
9:18 Horse Collar
9:25 Double-Bit Axe
13:36 Castle Age
11:54 Gold Mining
13:00 Forging
15:11 Scale Mail Armor
15:50 Bow Saw
17:41 Iron Casting
19:16 Chain Mail Armor
24:33 Loom
26:58 Wheelbarrow
31:10 Imperial Age
30:04 Fletching
30:15 Padded Archer Armor
31:22 Elite Fire Lancer
grunt230
1:53 Loom
9:21 Feudal Age
14:28 Castle Age
12:20 Double-Bit Axe
12:21 Horse Collar
16:33 Bow Saw
17:54 Wheelbarrow
17:41 Heavy Plow
18:15 Pikeman
20:26 Hand Cart
21:11 Gold Mining
22:31 Stone Mining
25:26 Stone Shaft Mining
31:47 Imperial Age
30:39 Forging
30:31 Scale Mail Armor
31:22 Town Watch
32:18 Circumnavigation
33:32 Chemistry
32:55 Ballistics
33:56 Iron Casting
33:37 Chain Mail Armor
32:58 Elite Skirmisher
33:34 Fletching
33:09 Halberdier
34:30 Town Patrol
35:44 Blast Furnace
34:49 Imperial Skirmisher
35:38 Thumb Ring
HiOh
8:21 Feudal Age
12:45 Castle Age
10:40 Double-Bit Axe
11:00 Horse Collar
17:25 Heavy Plow
17:38 Bow Saw
18:57 Wheelbarrow
20:37 Bloodlines
21:11 Husbandry
22:27 Gold Mining
27:20 Imperial Age
25:39 Scale Barding Armor
25:45 Forging
26:49 Gold Shaft Mining
27:06 Chain Barding Armor
27:37 Caravan
28:22 Iron Casting
29:06 Elite Battle Elephant
31:12 Stone Mining
32:18 Plate Barding Armor
32:44 Blast Furnace
32:20 Paiks
Connection lost

Rejoining the realm…

Still unreachable

The connection could not be restored.

Session expired

The server has moved on; the page needs a fresh start.